 Dungeon Crawl Stone Soup version 0.25-a0-547-g27a0b5d (webtiles) character file.

Game seed: 18038194321821162426, levelgen mode: deterministic

25245 Faels the Unseen (level 12, -15/91 HPs)
             Began as a Felid Berserker on Feb 21, 2020.
             Was an Elder of Trog.
             Demolished by an ogre
             ... wielding a +0 giant club
              (27 damage)
             ... on level 1 of the Orcish Mines.
             The game lasted 01:38:58 (29823 turns).

Faels the Unseen (Felid Berserker)                 Turns: 29823, Time: 01:38:59

Health: -15/91     AC:  4    Str: 22    XL:     12   Next: 87%
Magic:  21/21      EV: 32    Int: 13    God:    Trog [****..]
Gold:   1870       SH:  0    Dex: 20    Spells: 11/11 levels left
                                        Lives:  0   Deaths: 3

rFire    . . .     SeeInvis +     - Unarmed
rCold    + . .     Gourm    .   (shield unavailable)
rNeg     . . .     Faith    +   (armour unavailable)
rPois    .         Spirit   .   (helmet unavailable)
rElec    .         Reflect  .   (cloak unavailable)
rCorr    .         Harm     .   (gloves unavailable)
MR       +....                  (boots unavailable)
Stlth    ..........             I - amulet of faith
HPRegen  0.25/turn              v - +1 ring of protection
MPRegen  0.17/turn              G - ring of the Pharaoh's Fist {Int+5 Dex+3}

@: berserking, very quick
A: very small, no armour, no weapons or thrown items, stealth, claws 1, fangs 3,
see invisible, carnivore, speed 1, shaggy fur 3, slow metabolism 1, sharp paws
a: Berserk, Trog's Hand, Brothers in Arms, Renounce Religion


You were on level 1 of the Orcish Mines.
You worshipped Trog.
Trog was greatly pleased with you.
You were completely stuffed.

You visited 3 branches of the dungeon, and saw 19 of its levels.
You also visited: Gauntlet.

You collected 2066 gold pieces.
You spent 196 gold pieces at shops.

Inventory:

Jewellery
 v - a +1 ring of protection (left paw)
 D - an uncursed ring of flight
 G - the ring of the Pharaoh's Fist (right paw) {Int+5 Dex+3}
   (You found it on level 9 of the Dungeon)

   [ring of dexterity]

   It affects your intelligence (+5).
   It affects your dexterity (+3).
 I - an amulet of faith (around neck)
 N - an uncursed amulet of regeneration
Wands
 c - a wand of paralysis (11)
 q - a wand of polymorph (22)
 x - a wand of clouds (7)
 C - a wand of iceblast (30)
 E - a wand of flame (63)
 M - a wand of enslavement (8)
 P - a wand of acid (4)
Scrolls
 b - 5 scrolls of fog
 g - 9 scrolls of teleportation
 h - 7 scrolls of magic mapping
 j - a scroll of random uselessness {unknown}
 k - 2 scrolls of acquirement {unknown}
 l - 2 scrolls of fear
 o - 5 scrolls of enchant weapon {unknown}
 r - 3 scrolls of immolation
 s - 6 scrolls of remove curse
 t - 2 scrolls of blinking {unknown}
 y - a scroll of enchant armour {unknown}
 F - a scroll of brand weapon {unknown}
 L - 2 scrolls of silence {unknown}
 Q - a scroll of torment {unknown}
 S - a scroll of noise
Potions
 d - 2 potions of flight
 e - 3 potions of invisibility
 f - 4 potions of berserk rage
 i - a potion of haste
 m - 11 potions of curing
 n - a potion of mutation {unknown}
 p - 3 potions of lignification
 u - 5 potions of heal wounds
 w - 4 potions of cancellation
 A - 3 potions of resistance
 B - 5 potions of magic
 H - 3 potions of might
 K - 4 potions of stabbing
Miscellaneous
 J - a sack of spiders
Comestibles
 a - 36 rations
 z - 6 chunks of flesh


   Skills:
 + Level 12.3 Fighting
 + Level 15.5 Dodging
 + Level 16.2 Stealth
 + Level 12.3 Unarmed Combat
 + Level 10.9 Evocations


You had 11 spell levels left.
You didn't know any spells.
Your spell library contained the following spells:

 Spells                   Type           Power        Failure   Level  Hunger
 Freeze                   Ice            #...         30%         1    ##.....
 Frozen Ramparts          Ice            #.....       67%         3    ####...
 Ozocubu's Armour         Chrm/Ice       #.......     67%         3    ####...
 Hailstorm                Conj/Ice       #.......     97%         4    #####..
 Summon Ice Beast         Ice/Summ       #.......     97%         4    #####..


Dungeon Overview and Level Annotations

Branches:
Dungeon (11/15)            Temple (0/1) D:6            Lair (6/6) D:11
 Shoals (0/4) Lair:2        Snake (0/4) Lair:2        Slime (0/5) Lair:5
    Orc (2/2) D:11            Elf (0/3) Orc:2       Gauntlet (visited)

Altars:
Cheibriados
Fedhas
Gozag
Hepliaklqana
Makhleb
Okawaru
Uskayaw
Vehumet
Xom
Yredelemnul
The Shining One
Jiyva

Shops:
D:4 :   Orc:1 *

Annotations:
Lair:1 1 transporter, Xiatei's ghost, journeyman MiFi
Lair:2 exclusion: oklob plant
Lair:5 1 runed translucent door
Lair:6 exclusion: oklob plant


Innate Abilities, Weirdness & Mutations

You cannot wear armour.
You are incapable of wielding weapons or throwing items.
Your paws allow you to move quietly. (Stealth)
You have sharp claws.
You have razor-sharp teeth.
You have supernaturally acute eyesight. (SInv)
You are carnivorous and can eat meat at any time.
You cover ground quickly.
Your thick and shaggy fur keeps you warm. (AC +3, rC+)
You have a slow metabolism.
Your sharp claws are effective at attacking unaware monsters.


Message History

The two-headed ogre completely misses you. x2
You barely miss the ogre.
The ogre is heavily wounded.
The ogre closely misses you.
You scratch the ogre. You claw the ogre.
The ogre is heavily wounded.
The two-headed ogre hits you with a +0 giant spiked club!
* * * LOW HITPOINT WARNING * * *
The two-headed ogre hits you with a +0 dire flail.
* * * LOW HITPOINT WARNING * * *
The ogre closely misses you.
A red film seems to cover your vision as you go berserk!
You feel yourself moving faster!
You feel mighty!
You feel quite a bit less full.
The two-headed ogre completely misses you.
The two-headed ogre barely misses you.
You claw the two-headed ogre! You bite the two-headed ogre!
The two-headed ogre is moderately wounded.
The ogre hits you with a +0 giant club!!
You die...

### ##..###....## ..##
#...##......# ...##
###..)......... ....##
##....#.....#... #....#
##.....##...##... ...#####
##.#.#............ )..#...#
##...##............ .###...##
#O.O.###....#.....# ........###
####@).........##..#.
.)........###...)#...............
.....#.....#....###..............
.....#......#..........#....###..
........##.###.............## ##.
..#.....#### ##.....#.#...## ##
.###...## ##...####..## ### ##
##### ##..## #.## ##.. # #...#
### #...


You could see a two-headed ogre and an ogre.

Vanquished Creatures
  An orc warlord (Orc:1)
  5 hydras
  Harold (Lair:2)
  2 two-headed ogres
  4 death yaks (Lair:6)
  An orc high priest (D:11)
  Urug (Lair:2)
  Nergalle (Lair:2)
  A fire crab (Gauntlet)
  2 lindwurms
  An orc knight (Orc:1)
  Pikel (D:5)
  A deep elf mage (D:11)
  A centaur zombie (D:9)
  9 black mambas
  4 torpor snails (Lair:6)
  14 spiny frogs
  5 rime drakes
  5 komodo dragons
  3 trolls
  5 polar bears
  Prince Ribbit (D:7)
  7 hornets
  5 blink frogs
  Grinder (D:5)
  16 dream sheep
  4 hippogriffs
  A snapping turtle (Lair:2)
  Sigmund (D:3)
  A wraith (D:7)
  13 spriggans
  38 yaks
  A fire bat (Gauntlet)
  A human (D:10)
  A basilisk (Lair:3)
  Menkaure (D:4)
  Edmund (D:5)
  3 wargs
  3 nagas (Lair:2)
  12 water moccasins
  12 porcupines
  Duvessa (D:5)
  2 hell hounds (Gauntlet)
  14 orc warriors
  2 sky beasts
  A phantom (D:9)
  6 black bears
  4 necrophages (D:7)
  A slave (D:4)
  A hornet zombie (D:3)
  7 ice beasts
  17 ogres
  4 boggarts (Lair:6)
  23 wolves
  4 centaurs
  11 crocodiles
  2 elf zombies (D:7)
  15 bullfrogs
  Blork the orc (D:4)
  Dowan (D:5)
  A troll zombie (D:7)
  4 scorpions
  A wyvern skeleton (D:9)
  9 killer bees
  The ghost of staltz the Chopper, a weakling DsGl (D:3)
  3 howler monkeys
  4 electric eels
  4 crimson imps
  7 hounds
  A quasit (D:11)
  12 orc priests
  A gnoll shaman (D:7)
  2 human skeletons (D:7)
  2 human zombies (D:7)
  3 bullfrog skeletons
  12 orc wizards
  2 iguanas
  12 worker ants
  Ijyb (D:3)
  A hound skeleton (D:9)
  A hound zombie (D:9)
  A mummy (D:7)
  A howler monkey zombie (D:7)
  16 adders
  7 gnolls
  7 shadow imps
  2 white imps
  A worker ant simulacrum (D:8)
  An ufetubus (D:7)
  An adder skeleton (D:8)
  An adder zombie (D:6)
  3 worms (D:2)
  A dart slug (D:3)
  4 leopard geckos
  76 orcs
  A ball python (D:4)
  5 bats
  3 giant cockroaches
  12 goblins
  11 hobgoblins
  12 jackals
  3 quokkas
  5 frilled lizards
  A giant cockroach zombie (D:5)
  9 kobolds
  2 leopard gecko skeletons (D:4)
  A leopard gecko zombie (D:5)
  2 quokka skeletons (D:3)
  A rat (D:2)
582 creatures vanquished.

Vanquished Creatures (collateral kills)
  A minotaur (Gauntlet)
  5 hydras
  A death yak (Lair:6)
  The ghost of plsesad the Slicer, a novice VSAs of Okawaru (D:9)
  A black mamba (Lair:5)
  A spiny frog (Lair:6)
  2 wyverns (Lair:6)
  A yak (D:11)
  2 fire bats (Gauntlet)
  A naga (Lair:2)
  A hell hound (Gauntlet)
  5 wolves
  2 crocodiles
  A crimson imp (D:9)
25 creatures vanquished.

Vanquished Creatures (others)
  A white imp (D:8)
  8 fungi
  46 plants
55 creatures vanquished.

Grand Total: 662 creatures vanquished

Notes
Turn   | Place    | Note
-------+----------+-------------------------------------------
     0 | D:1      | Faels the Felid Berserker began the quest for the Orb.
     0 | D:1      | Reached XP level 1. HP: 10/10 MP: 2/2
   205 | D:1      | Reached skill level 1 in Stealth
   246 | D:1      | Reached XP level 2. HP: 14/14 MP: 3/3
   975 | D:2      | Reached skill level 2 in Stealth
   975 | D:2      | Reached XP level 3. HP: 7/17 MP: 4/4
  1636 | D:2      | Found a glowing golden altar of the Shining One.
  1878 | D:2      | Reached ** piety under Trog
  1899 | D:2      | Reached XP level 4. HP: 17/21 MP: 5/5
  2565 | D:3      | Reached skill level 5 in Dodging
  2836 | D:3      | Reached skill level 3 in Stealth
  3058 | D:3      | Found a transporter.
  3059 | D:3      | Found a transporter.
  3059 | D:3      | Noticed staltz's ghost (weakling DsGl)
  3139 | D:3      | Noticed Ijyb
  3156 | D:3      | Killed Ijyb
  3156 | D:3      | Reached XP level 5. HP: 25/25 MP: 6/6
  3175 | D:3      | Noticed Sigmund
  3177 | D:3      | Found an iron altar of Okawaru.
  3224 | D:3      | Killed Sigmund
  3224 | D:3      | Reached skill level 4 in Stealth
  3224 | D:3      | Gained mutation: You are covered in thick fur. (AC +2)
                  | [Felid growth]
  3224 | D:3      | Reached XP level 6. HP: 29/29 MP: 7/7
  3381 | D:3      | Found a faded altar of an unknown god.
  3662 | D:4      | Noticed a +0 dagger
  3663 | D:4      | Found a hide-covered altar of Uskayaw.
  3663 | D:4      | Noticed a +0 dagger
  3759 | D:4      | Noticed Blork the orc
  3767 | D:4      | Killed Blork the orc
  3795 | D:4      | Noticed Menkaure
  3811 | D:4      | Killed Menkaure
  3811 | D:4      | Reached skill level 5 in Stealth
  3811 | D:4      | Reached XP level 7. HP: 33/33 MP: 8/8
  4015 | D:4      | Reached *** piety under Trog
  4134 | D:4      | Reached skill level 5 in Fighting
  4134 | D:4      | Reached skill level 5 in Unarmed Combat
  4178 | D:4      | Reached skill level 6 in Stealth
  4532 | D:4      | Found Boang's Book Shop.
  4953 | D:5      | Entered Level 5 of the Dungeon
  4957 | D:5      | Reached XP level 8. HP: 37/37 MP: 9/9
  4971 | D:5      | Found a blossoming altar of Fedhas.
  5029 | D:5      | Found a shimmering altar of Xom.
  5250 | D:5      | Noticed Pikel
  5255 | D:5      | Noticed Duvessa
  5413 | D:5      | Killed Duvessa
  5584 | D:5      | Noticed Edmund
  5610 | D:5      | Killed Edmund
  5610 | D:5      | Reached skill level 7 in Stealth
  5690 | D:5      | Noticed Grinder
  5694 | D:5      | Killed Grinder
  5950 | D:5      | Reached skill level 8 in Stealth
  6118 | D:5      | Noticed Dowan
  6135 | D:5      | Killed Dowan
  6197 | D:5      | Killed Pikel
  6197 | D:5      | Reached XP level 9. HP: 42/42 MP: 10/10
  7181 | D:6      | Reached skill level 9 in Stealth
  7326 | D:6      | Found a staircase to the Ecumenical Temple.
  7692 | D:3      | Killed staltz's ghost
  8167 | D:7      | Reached **** piety under Trog
  8758 | D:7      | Reached skill level 10 in Dodging
  8864 | D:7      | Found a basalt altar of Yredelemnul.
  8866 | D:7      | Reached skill level 1 in Evocations
  8879 | D:7      | Reached skill level 10 in Stealth
  8886 | D:7      | Reached XP level 10. HP: 48/48 MP: 10/12
  9672 | D:8      | Noticed Prince Ribbit
  9694 | D:7      | Killed Prince Ribbit
  9694 | D:7      | Reached ***** piety under Trog
 10424 | D:8      | Reached skill level 11 in Stealth
 10571 | D:8      | Found a hazy altar of Hepliaklqana.
 10752 | D:8      | Found a burning altar of Makhleb.
 10986 | D:9      | Found a radiant altar of Vehumet.
 11015 | D:9      | Found an opulent altar of Gozag.
 11371 | D:9      | Reached XP level 11. HP: 51/52 MP: 15/15
 11742 | D:9      | Found a runed translucent door.
 11742 | D:9      | Noticed plsesad's ghost (novice VSAs)
 11756 | D:9      | Killed plsesad's ghost
 11763 | D:9      | Got a shimmering turquoise ring
 11773 | D:9      | Identified the ring of the Pharaoh's Fist {Int+5 Dex+3}
                  | (You found it on level 9 of the Dungeon)
 11873 | D:10     | Entered Level 10 of the Dungeon
 12592 | D:10     | Noticed a two-headed ogre
 12594 | D:10     | Killed a two-headed ogre
 12594 | D:10     | Reached skill level 5 in Evocations
 13136 | D:11     | Found a staircase to the Orcish Mines.
 13198 | D:11     | Found a gate leading to a gauntlet.
 13215 | Gauntlet | Entered a Gauntlet
 13215 | Gauntlet | Found a transporter.
 13215 | Gauntlet | Found a transporter.
 13215 | Gauntlet | Found a transporter.
 13215 | Gauntlet | Noticed a fire crab
 13227 | Gauntlet | Noticed a fire crab
 13258 | Gauntlet | Found a transporter.
 13261 | Gauntlet | Found a transporter.
 13270 | Gauntlet | Noticed a hell hog
 13271 | Gauntlet | Found a transporter.
 13338 | Gauntlet | Found a transporter.
 13348 | Gauntlet | Found a transporter.
 13363 | Gauntlet | Found a transporter.
 13378 | Gauntlet | Found a transporter.
 13388 | Gauntlet | Found a transporter.
 13394 | Gauntlet | Found a transporter.
 13528 | Gauntlet | Noticed a glowing orange brain
 13550 | Gauntlet | a glowing orange brain changed into a faun
 13709 | Gauntlet | Killed a fire crab
 13709 | Gauntlet | Reached skill level 12 in Stealth
 13824 | Gauntlet | Killed from afar by a hell hog
 13825 | Gauntlet | Reached XP level 10. HP: -9/49 MP: 15/15
 13828 | Gauntlet | Noticed an ettin
 13850 | Gauntlet | Identified the cursed +1 broad axe "Waheen" {speed, rElec
                  | rF+ MR+ Int-2}
 13850 | Gauntlet | Noticed a minotaur
 13862 | Gauntlet | Killed a minotaur
 14006 | Gauntlet | Found the +7 pair of quick blades "Gyre" and "Gimble"
                  | {protect}
 14013 | Gauntlet | Identified Dicvock's Papyrus of Combat Magic
 14423 | D:11     | Noticed a two-headed ogre
 14456 | D:11     | Killed a two-headed ogre
 14733 | D:11     | Found a staircase to the Lair.
 14776 | D:11     | Noticed a deep elf mage
 14910 | D:11     | Killed a deep elf mage
 15111 | D:11     | Reached XP level 11. HP: 35/53 MP: 16/16
 15683 | Lair:1   | Entered Level 1 of the Lair of Beasts
 15683 | Lair:1   | Found a transporter.
 15707 | Lair:1   | You fall into a shaft and drop 1 floor!
 15909 | Lair:1   | Found a transporter.
 15913 | Lair:1   | Noticed Xiatei's ghost (journeyman MiFi)
 15976 | Lair:1   | Found a basalt altar of Yredelemnul.
 16474 | Lair:1   | Got a pitted pewter ring
 16480 | Lair:1   | Identified the cursed ring "Muxkosa" {AC-3 Dex+4 Stlth+}
                  | (You found it on level 1 of the Lair of Beasts)
 16579 | Lair:2   | Noticed Harold
 16580 | Lair:2   | Killed Harold
 16611 | Lair:2   | Reached skill level 10 in Fighting
 16611 | Lair:2   | Reached skill level 10 in Unarmed Combat
 16826 | Lair:1   | Reached skill level 13 in Stealth
 17023 | Lair:2   | Noticed a five-headed hydra
 17026 | Lair:2   | Noticed Nergalle
 17719 | Lair:2   | Noticed Urug
 17764 | Lair:2   | Killed Urug
 17977 | Lair:2   | Killed a five-headed hydra
 17979 | Lair:2   | Found a staircase to the Snake Pit.
 18186 | Lair:2   | Gained mutation: Your thick and shaggy fur keeps you warm.
                  | (AC +3, rC+) [Felid growth]
 18186 | Lair:2   | Reached XP level 12. HP: 48/58 MP: 18/18
 18211 | Lair:2   | Killed Nergalle
 18288 | Lair:2   | Found a shimmering altar of Xom.
 18482 | Lair:2   | Found a staircase to the Shoals.
 19503 | Lair:3   | Reached skill level 14 in Stealth
 20113 | Lair:3   | Noticed an eight-headed hydra
 20121 | Lair:3   | Killed an eight-headed hydra
 20688 | Lair:4   | Noticed an eight-headed hydra
 20697 | Lair:4   | Killed an eight-headed hydra
 21059 | Lair:4   | Noticed an eight-headed hydra
 21096 | Lair:4   | Killed an eight-headed hydra
 21474 | Lair:4   | Noticed an eight-headed hydra
 21476 | Lair:4   | Killed an eight-headed hydra
 21570 | Lair:5   | Reached XP level 13. HP: 39/63 MP: 20/20
 22588 | Lair:5   | Found a runed translucent door.
 22588 | Lair:5   | Found a viscous altar of Jiyva.
 22588 | Lair:5   | Noticed an acid blob
 22589 | Lair:5   | Found a staircase to the Slime Pits.
 22589 | Lair:5   | Noticed an acid blob
 22644 | Lair:4   | HP: 3/63 [poisoned by a black mamba]
 22649 | Lair:4   | HP: 2/63 [poisoned by a black mamba]
 23126 | Lair:5   | Reached skill level 15 in Stealth
 23943 | Lair:6   | Entered Level 6 of the Lair of Beasts
 25070 | Lair:6   | Reached skill level 10 in Evocations
 25272 | Lair:6   | Slain by a six-headed hydra
 25273 | Lair:6   | Reached XP level 12. HP: 0/90 MP: 20/20
 25383 | Lair:6   | Noticed a death yak
 25383 | Lair:6   | Noticed a death yak
 25383 | Lair:6   | Noticed a death yak
 25833 | Lair:6   | Noticed a four-headed hydra
 25838 | Lair:6   | Noticed a four-headed hydra
 25842 | Lair:6   | Killed a four-headed hydra
 25845 | Lair:6   | Killed a four-headed hydra
 25933 | Lair:6   | Reached XP level 13. HP: 64/64 MP: 21/21
 25941 | Lair:6   | Reached skill level 15 in Dodging
 26519 | Lair:6   | Found a snail-covered altar of Cheibriados.
 27058 | Lair:6   | Paralysed by a hornet for 2 turns
 27061 | Lair:6   | HP: 4/96 [hornet (9)]
 27062 | Lair:6   | Slain by a hornet
 27063 | Lair:6   | Reached XP level 12. HP: 0/91 MP: 20/20
 27185 | Lair:6   | Reached skill level 16 in Stealth
 27520 | Orc:1    | Entered Level 1 of the Orcish Mines
 27574 | Orc:1    | Noticed an orc high priest
 27683 | D:11     | Killed an orc high priest
 27848 | Orc:1    | Noticed an orc warlord
 28119 | Orc:1    | Killed an orc warlord
 28523 | Orc:1    | Found Kel Birph's General Store.
 28531 | Orc:1    | Bought a scroll of identify for 28 gold pieces
 28531 | Orc:1    | Bought a potion of curing for 42 gold pieces
 28531 | Orc:1    | Bought a scroll of noise for 14 gold pieces
 28531 | Orc:1    | Bought a potion of might for 56 gold pieces
 28531 | Orc:1    | Bought a potion of stabbing for 56 gold pieces
 29284 | Orc:2    | Entered Level 2 of the Orcish Mines
 29774 | Orc:2    | Noticed an ogre mage
 29774 | Orc:2    | Noticed a two-headed ogre
 29789 | Orc:2    | Noticed a two-headed ogre
 29791 | Orc:2    | Noticed a two-headed ogre
 29795 | Orc:2    | Noticed a two-headed ogre
 29800 | Orc:2    | Noticed a two-headed ogre
 29823 | Orc:1    | Demolished by an ogre

Levels and vault maps discovered:
D:1:      lemuel_arrival_behind_the_door_small, layout_basic
D:2:      layout_basic, tso_metal_star, first_ration
D:3:      layout_rooms, okawaru_metal_pillars_1_2,
          chequers_ecumenical_altar_lobes, gammafunk_ghost_mausoleum,
          minmay_puff, uniq_sigmund, uniq_ijyb
D:4:      layout_layer_cave, dancing_weapons_uskayaw, serial_shops, shop,
          uniq_blork_the_orc, uniq_menkaure
D:5:      layout_basic, nicolae_overflow_hidden_temple, xom_teletrap_fun,
          uniq_edmund, uniq_pikel, uniq_duvessa, uniq_grinder
D:6:      layout_cave_pools, temple_statues
D:7:      layout_basic, lemuel_mausoleum_altar_yredelemnul
D:8:      layout_rooms, kennysheep_mini_moat, overflow_temple_1_default,
          serial_ice, serial_ice_d, serial_ice_i, serial_ice_g, serial_ice_a,
          serial_ice_e, serial_ice_c, serial_ice_o, serial_ice_m,
          uniq_prince_ribbit1
D:9:      layout_roguey, grunt_gozag_statues, fiery_altar_vehumet,
          ebering_ghost_inner_flame
D:10:     layout_stronghold
D:11:     layout_roguey, grunt_lair_entry_orc_guard_hut, erik_orc_4,
          gauntlet_entry_generic, hangedman_stone_soup,
          minmay_fractal_squares_gapless_5
Lair:1:   layout_chaotic_city, basic_altar, gammafunk_ghost_berserking_beasts,
          infiniplex_staircase_pool, grunt_megastairs_1, serial_bayou_shore_b
Lair:2:   layout_small_grid, minmay_shoals_entry_hut,
          minmay_snake_entry_guardpost_small, lemuel_oklob_altar, uniq_harold,
          uniq_urug, uniq_nergalle
Lair:3:   layout_regular_city, minivault_25
Lair:4:   layout_layer_cave, nicolae_quartered_pool_super
Lair:5:   cheibrodos_lair_overgrown_chateau, layout_cave_pods, slime_altar_2
Lair:6:   minmay_lair_end_enchanted_forest, layout_cave_pods,
          kennysheep_snail_temple, serial_bayou_shore_b,
          minmay_lair_oklob_chamber
Orc:1:    layout_diamond_mine, serial_shops, shop
Orc:2:    st_orc_open, layout_caves

Skill      XL: |  1  2  3  4  5  6  7  8  9 10 11 12 13 |
---------------+----------------------------------------+-----
Stealth        | 1 2 3 4 5 6 8 10 11 13 16 15 | 16.2
Dodging        | 5 6 7 9 10 12 13 14 15 | 15.5
Fighting       | 4 5 6 7 8 10 11 12 | 12.3
Unarmed Combat | 4 5 6 7 8 10 11 12 | 12.3
Evocations     | 1 6 7 9 10 | 10.9

Action                   |  1- 3 |  4- 6 |  7- 9 | 10-12 | 13-15 || total
-------------------------+-------+-------+-------+-------+-------++-------
Melee: Unarmed           |   115 |    95 |   338 |  1144 |   374 ||  2066
       Bite              |     9 |     5 |    37 |   169 |    59 ||   279
       Punch             |       |     2 |    15 |    66 |    23 ||   106
Invok: Berserk           |       |     3 |    12 |    34 |    11 ||    60
       Trog's Hand       |       |       |     6 |    18 |     6 ||    30
       Brothers in Arms  |       |       |       |    11 |     8 ||    19
Evoke: Wand              |       |     2 |       |    14 |     4 ||    20
  Use: Scroll            |       |     3 |     8 |    11 |     4 ||    26
       Potion            |       |       |       |       |     1 ||     1
 Stab: Sleeping          |     5 |     6 |    28 |    41 |    13 ||    93
       Paralysed         |       |     3 |       |       |       ||     3
       Distracted        |       |       |       |     6 |     3 ||     9
  Eat: Chunk             |     9 |     6 |    23 |    81 |    22 ||   141
Armor: Skin              |     5 |       |     7 |    29 |    10 ||    51
Dodge: Dodged            |    80 |    74 |   226 |  1037 |   355 ||  1772

Table legend:
 A = Non-vault XP
 B = Vault XP
 C = Vault XP percentage of total XP
 D = Non-vault monster count
 E = Vault monster count
 F = Vault count percentage of total count
                 A         B        C        D         E       F
            +---------+---------+-------+---------+---------+-------
      Total |   56261 |   30524 |  35.2 |     437 |     169 |  27.9
            +---------+---------+-------+---------+---------+-------
        D:1 |      22 |       0 |   0.0 |      12 |       0 |   0.0
        D:2 |     109 |       0 |   0.0 |      30 |       0 |   0.0
        D:3 |      91 |     496 |  84.5 |      21 |      12 |  36.4
        D:4 |     627 |     254 |  28.8 |      12 |       2 |  14.3
        D:5 |     642 |    1274 |  66.5 |      25 |       5 |  16.7
        D:6 |     668 |       0 |   0.0 |      25 |       0 |   0.0
        D:7 |    1321 |    1598 |  54.7 |      37 |      17 |  31.5
        D:8 |    1082 |    1707 |  61.2 |      23 |      11 |  32.4
        D:9 |    1621 |     415 |  20.4 |      32 |       2 |   5.9
       D:10 |    1428 |     196 |  12.1 |      12 |       1 |   7.7
       D:11 |    3509 |    1905 |  35.2 |      20 |      25 |  55.6
     Lair:1 |    3342 |     411 |  11.0 |      13 |       1 |   7.1
     Lair:2 |    4004 |    3388 |  45.8 |      15 |       8 |  34.8
     Lair:3 |    7249 |       0 |   0.0 |      36 |       0 |   0.0
     Lair:4 |    6504 |       0 |   0.0 |      19 |       0 |   0.0
     Lair:5 |    6609 |    4709 |  41.6 |      29 |      20 |  40.8
     Lair:6 |   12304 |   11641 |  48.6 |      30 |      53 |  63.9
      Orc:1 |    4737 |     307 |   6.1 |      43 |       1 |   2.3
      Orc:2 |     392 |     365 |  48.2 |       3 |       3 |  50.0
   Gauntlet |       0 |    1858 | 100.0 |       0 |       8 | 100.0
            +---------+---------+-------+---------+---------+-------
